 Dungeon Crawl Stone Soup version 0.27.1 (webtiles) character file.

Game seed: 5723976803949998872

184446 nxtlvl the Gelid (level 17, -2/85 HPs)
             Began as a Deep Elf Monk on Aug 29, 2021.
             Was the Champion of Lugonu.
             Succumbed to an emperor scorpion's poison
             ... on level 4 of the Spider Nest on Aug 30, 2021.
             The game lasted 05:06:37 (15146 turns).

nxtlvl the Gelid (Deep Elf Monk)                   Turns: 15146, Time: 05:06:38

Health: -2/85      AC: 21    Str:  8    XL:     17   Next: 39%
Magic:  5/35       EV: 24    Int: 19    God:    Lugonu [******]
Gold:   450        SH:  0    Dex: 21    Spells: 14/40 levels left

rFire    . . .     SeeInvis +   a - +9 dagger (distort)
rCold    . . .     Faith    .   (no shield)
rNeg     . . .     Spirit   .   c - +4 troll leather armour
rPois    +         Reflect  .   e - +1 helmet of Imperfection {+Blink rPois Int-4 Dex+4}
rElec    .         Harm     .   d - +2 cloak
rCorr    .         Rampage  .   f - +0 pair of gloves
Will     ++...                  g - +2 pair of boots {Fly}
Stlth    ++++++++..             z - amulet of magic regeneration
HPRegen  1.24/turn              p - +4 ring of protection
MPRegen  0.49/turn              P - ring "Qitsyrgh" {Will+ SInv Stlth+}

@: lethally poisoned (-2 -> -8), unable to drink, flying
A: no potions
}: 1/15 runes: barnacled
a: Renounce Religion, Evoke Blink, Depart the Abyss, Bend Space, Banish,
Corrupt, Enter the Abyss


You were on level 4 of the Spider Nest.
You worshipped Lugonu.
Lugonu was exalted by your worship.
You visited 5 branches of the dungeon, and saw 28 of its levels.
You also visited: Bailey and Gauntlet.

You collected 2567 gold pieces.
You spent 2117 gold pieces at shops.

Inventory:

Hand Weapons
 a - a +9 dagger of distortion (weapon)
 w - the +6 short sword of the Devouring Rat {pain, rC+}
   (You found it on level 11 of the Dungeon)

   In the hands of one skilled in necromantic magic, it inflicts extra damage on
   living creatures.
   rC:        It protects you from cold.
 W - the +11 plutonium sword {Contam Stlth-}
   (You found it on level 6 of the Lair of Beasts)

   It occasionally inflicts wild transmutation effects on those it strikes,
   inflicting malmutation or extra damage, or polymorphing them into a new form.
   Contam:    It causes magical contamination when unequipped.
   Stlth:     It makes you less stealthy.
Missiles
 r - 2 throwing nets (quivered)
 A - 4 curare-tipped darts
 G - 293 arrows
Armour
 c - a +4 troll leather armour (worn)
 d - a +2 cloak (worn)
 e - the +1 helmet of Imperfection (worn) {+Blink rPois Int-4 Dex+4}
   (You found it in a Gauntlet)

   Int:       It affects your intelligence (-4).
   Dex:       It affects your dexterity (+4).
   rPois:     It protects you from poison.
   +Blink:    It lets you blink.
 f - a +0 pair of gloves (worn)
 g - a +2 pair of boots of flying (worn)
 C - the +3 leather armour of Chill Winds {rF++}
   (You found it in a Gauntlet)

   rF:        It greatly protects you from fire.
Magical Staves
 b - a staff of cold
 i - a staff of death
 D - a staff of earth
Jewellery
 l - a ring of flight
 o - a ring of protection from cold
 p - a +4 ring of protection (left hand)
 z - an amulet of magic regeneration (around neck)
 L - a ring of wizardry
 O - a ring of fire
 P - the ring "Qitsyrgh" (right hand) {Will+ SInv Stlth+}
   (You took it off a merfolk aquamancer on level 4 of the Shoals)

   [ring of see invisible]

   SInv:      It lets you see invisible.
   Will:      It increases your willpower.
   Stlth:     It makes you more stealthy.
 Z - an amulet of regeneration
Wands
 k - a wand of charming (8)
 u - a wand of digging (7)
 B - a wand of iceblast (18)
 E - a wand of flame (46)
 I - a wand of polymorph (18)
 S - a wand of paralysis (5)
 V - a wand of acid (16)
Scrolls
 h - a scroll of torment
 m - 3 scrolls of vulnerability
 n - 6 scrolls of teleportation
 q - 3 scrolls of enchant armour
 s - 2 scrolls of silence
 x - 4 scrolls of magic mapping
 K - 2 scrolls of acquirement {unknown}
 Q - a scroll of immolation
 Y - 4 scrolls of holy word
Potions
 j - 7 potions of curing
 t - 4 potions of attraction
 y - 3 potions of brilliance
 F - 3 potions of lignification
 H - 7 potions of heal wounds
 J - 4 potions of cancellation {unknown}
 M - a potion of magic
 N - 2 potions of mutation
 R - a potion of invisibility
 T - 2 potions of resistance
 X - a potion of might
Miscellaneous
 v - a lightning rod (4/4)
 U - a condenser vane


   Skills:
 - Level 2.4 Fighting
 - Level 8.0 Short Blades
 + Level 16.9 Dodging
 + Level 17.2 Stealth
 - Level 12.0 Spellcasting
 - Level 9.0 Hexes
 + Level 17.8 Ice Magic
 + Level 10.6 Invocations
 + Level 7.0 Evocations


You had 14 spell levels left.
You knew the following spells:

 Your Spells              Type           Power      Damage    Failure   Level
a - Confusing Touch       Hex            45%        N/A       1%          3
c - Ozocubu's Refrigerat  Ice            34%        4d11      4%          7
e - Metabolic Englaciati  Hex/Ice        29%        N/A       1%          5
q - Ensorcelled Hibernat  Hex/Ice        100%       N/A       1%          2
s - Ozocubu's Armour      Ice            68%        N/A       1%          3
w - Slow                  Hex            45%        N/A       1%          2
x - Freeze                Ice            100%       1d11      0%          1
z - Frozen Ramparts       Ice            100%       1d12      1%          3

Your spell library contained the following spells:

 Spells                   Type           Power      Damage    Failure   Level
 Corona                   Hex            50%        N/A       1%          1
 Tukima's Dance           Hex            45%        N/A       1%          3
 Hailstorm                Conj/Ice       45%        3d10      2%          4
 Dazzling Flash           Conj/Hex       56%        N/A       4%          3
 Inner Flame              Hex/Fire       28%        N/A       4%          3
 Portal Projectile        Hex/Tloc       56%        N/A       4%          3
 Magic Dart               Conj           44%        1d5       9%          1
 Pain                     Necr           44%        1d6       9%          1
 Sandblast                Erth           22%        2d7       9%          1
 Sting                    Tmut/Pois      44%        1d5       9%          1
 Passwall                 Tmut/Erth      9%         N/A       13%         2
 Poisonous Vapours        Pois/Air       22%        N/A       13%         2
 Searing Ray              Conj           22%        3d3       13%         2
 Sublimation of Blood     Necr           5%         N/A       13%         2
 Wereblood                Tmut           11%        N/A       13%         2
 Fulminant Prism          Conj/Hex       14%        3d9       14%         4
 Leda's Liquefaction      Hex/Erth       14%        N/A       14%         4
 Freezing Cloud           Conj/Ice/Air   16%        6-21      22%         5
 Call Canine Familiar     Summ           11%        N/A       26%         3
 Conjure Flame            Conj/Fire      11%        6-21      26%         3
 Ignite Poison            Fire/Tmut/Pois 11%        N/A       26%         3
 Stone Arrow              Conj/Erth      22%        3d8       26%         3
 Vampiric Draining        Necr           5%         2d6       26%         3
 Simulacrum               Ice/Necr       22%        N/A       34%         6
 Silence                  Hex/Air        14%        N/A       36%         5
 Animate Armour           Summ/Erth      22%        N/A       65%         4
 Animate Dead             Necr           5%         N/A       65%         4
 Dispel Undead            Necr           11%        3d9       65%         4
 Olgreb's Toxic Radiance  Pois           11%        N/A       65%         4
 Passage of Golubria      Tloc           N/A        N/A       65%         4
 Petrify                  Tmut/Erth      11%        N/A       65%         4
 Sticky Flame             Conj/Fire      11%        2d3       65%         4
 Summon Lightning Spire   Summ/Air       11%        N/A       65%         4
 Alistair's Intoxication  Tmut/Pois      7%         N/A       94%         5
 Bolt of Magma            Conj/Fire/Erth 5%         4d5       94%         5
 Borgnjor's Vile Clutch   Necr/Erth      5%         N/A       94%         5
 Irradiate                Conj/Tmut      5%         3d15      94%         5
 Lee's Rapid Deconstruct  Erth           5%         3d7*      94%         5
 Polar Vortex             Ice            34%        N/A       99%         9
 Death Channel            Necr           5%         N/A       100%        6
 Dispersal                Tloc           5%         N/A       100%        6
 Eringya's Noxious Bog    Tmut/Pois      5%         N/A       100%        6
 Statue Form              Tmut/Erth      7%         N/A       100%        6
 Storm Form               Tmut/Air       5%         N/A       100%        7
 Disjunction              Tloc           5%         N/A       100%        8
 Lehudib's Crystal Spear  Conj/Erth      5%         10d3      100%        8
 Dragon's Call            Summ           5%         N/A       100%        9
 Shatter                  Erth           5%         3d8*      100%        9


Dungeon Overview and Level Annotations

Branches:
Dungeon (12/15)            Temple (0/1) D:4            Lair (6/6) D:10
 Shoals (4/4) Lair:2       Spider (4/4) Lair:2        Slime (0/5) Lair:6
    Orc (2/2) D:11            Elf (0/3) Orc:2        Bailey (visited)
Gauntlet (visited)

Altars:
Elyvilon
Hepliaklqana
Xom
Yredelemnul
Zin
Lugonu

Shops:
D:3 (   D:6 :   D:8 !   Orc:1 [   Orc:2 [*:?[   Shoals:1 =   Shoals:2 (

Portals:
Pandemonium: Orc:2

Annotations:
D:4 1 runed translucent door, chaosape's ghost, amateur GnWn
D:7 Harold
Lair:1 1 runed translucent door, exclusion: oklob plant, thromnambular's ghost, novice DrNe
Shoals:1 Roxanne
Shoals:3 Polyphemus
Shoals:4 exclusion: upstairs
Spider:2 exclusion: downstairs
Orc:2 2 runed translucent doors, garrulousMonolith's ghost, journeyman GrEE
Abyss:1 Arachne; Ilsuiw; Kirke


Message History

Lugonu accepts your kill. The emperor scorpion stings you!!
The emperor scorpion barely misses you.
The emperor scorpion completely misses you.
Unknown command.
Space warps around you for a moment!
a - a +9 dagger of distortion (weapon)
The emperor scorpion misses you.
The emperor scorpion claws you but does no damage.
The emperor scorpion misses you.
You hit the emperor scorpion but do no damage.
The emperor scorpion is almost dead.
You hit the emperor scorpion but do no damage.
The emperor scorpion is almost dead.
The emperor scorpion stings you!!
You are lethally poisoned!
The emperor scorpion poisons you!
The emperor scorpion completely misses you.
The emperor scorpion closely misses you.
You cannot drink potions in your current state!
* * * LOW HITPOINT WARNING * * *
You feel extremely sick.
As you read the scroll of teleportation, it crumbles to dust.
You feel strangely unstable.
* * * LOW HITPOINT WARNING * * *
You feel extremely sick. The emperor scorpion misses you.
The emperor scorpion claws you but does no damage.
The emperor scorpion barely misses you.
* * * LOW HITPOINT WARNING * * *
You feel extremely sick.
Your surroundings suddenly seem different.
A jumping spider and a demonic crawler come into view.
Found an escape hatch in the ceiling.
Found a stone staircase leading up.
* * * LOW HITPOINT WARNING * * *
You feel very sick.
You cannot drink potions in your current state!
Unknown command.
* * * LOW HITPOINT WARNING * * *
You feel very sick.
You die...

^^.^........
#........... #
#......≈≈≈≈
..###.....≈≈≈s
.........≈≈#
#......≈≈#
..#..<..≈≈≈#
......<.≈≈#
.......@≈≈#
^...#...≈≈# #.
#...≈≈≈#
##..#≈≈#
#####≈≈P ≈≈≈≈
#≈≈≈≈ ####


You could see a demonic crawler (asleep).

Vanquished Creatures
  Frances (Spider:2)
  3 entropy weavers
  A minotaur (Gauntlet)
  2 spark wasps (Spider:3)
  3 merfolk javelineers
  7 merfolk impalers
  3 hydras
  3 boulder beetles
  3 merfolk avatars
  Erica (D:9)
  3 satyrs (Shoals:3)
  6 merfolk aquamancers (Shoals:4)
  5 two-headed ogres
  4 orc high priests (Orc:2)
  Sonja (Orc:2)
  A fire crab (Lair:1)
  A sixfirhy (Gauntlet)
  8 sea snakes
  An infernal demonspawn (Orc:2)
  3 harpies (Shoals:4)
  A wizard (D:11)
  14 orb spiders
  5 orc knights
  4 fauns
  9 orc sorcerers
  3 moths of wrath
  10 wolf spiders
  3 cyclopes
  A rust devil (Orc:2)
  9 manticores
  9 water nymphs
  A smoke demon (Orc:2)
  5 black mambas
  5 merfolk sirens
  7 elephants (Lair:6)
  3 orange demons (Orc:2)
  10 cane toads
  A kobold demonologist (D:9)
  13 komodo dragons
  3 demonic crawlers
  3 trolls
  An ice devil (Orc:2)
  18 merfolk
  21 jumping spiders
  A polar bear (Lair:6)
  3 hornets
  6 wind drakes
  12 blink frogs
  4 snapping turtles
  12 dream sheep
  28 redbacks
  3 air elementals (Shoals:4)
  5 shadows
  7 wyverns
  8 tarantellas
  38 yaks
  14 water elementals
  4 hogs (Lair:6)
  4 steam dragons
  5 basilisks
  2 vampire mosquitoes (D:11)
  Menkaure (D:7)
  3 wargs
  15 water moccasins
  5 hell hounds (Lair:6)
  3 acid dragons (D:9)
  5 large abominations (D:11)
  A sky beast (D:6)
  24 orc warriors
  2 black bears (D:10)
  2 necrophages (D:6)
  8 ogres
  6 wolves (Lair:5)
  5 centaurs
  7 kobold brigands
  11 bullfrogs
  5 scorpions
  A wyvern zombie (D:7)
  A wyvern skeleton (D:7)
  3 killer bees (D:9)
  A vampire bat (Lair:1)
  12 wights
  A howler monkey (D:5)
  5 lava snakes (Lair:6)
  5 centaur zombies
  8 jellies
  3 centaur skeletons
  7 small abominations (D:11)
  3 gnoll shamans
  3 hounds
  22 orc priests
  2 bullfrog skeletons
  21 orc wizards
  5 howler monkey zombies
  26 gnolls
  5 adders
  A shadow imp (D:7)
  6 ufetubi
  2 worms (Lair:2)
  2 dart slugs (D:3)
  43 orcs
  3 ball pythons
  13 bats
  7 endoplasms
  8 giant cockroaches
  8 goblins
  15 hobgoblins
  2 jackals (D:12)
  68 kobolds
  4 quokkas
  2 frilled lizards
  6 rats
802 creatures vanquished.

Vanquished Creatures (collateral kills)
  An orc sorcerer (Orc:2)
1 creature vanquished.

Vanquished Creatures (others)
  2 kobolds (D:5)
  A demonic plant (Gauntlet)
  50 fungi
  74 plants
127 creatures vanquished.

Grand Total: 930 creatures vanquished

Notes
Turn   | Place    | Note
-------+----------+-------------------------------------------
     0 | D:1      | nxtlvl the Deep Elf Monk began the quest for the Orb.
     0 | D:1      | Reached XP level 1. HP: 13/13 MP: 3/3
    38 | D:1      | Found a faded altar of an unknown god.
    51 | D:1      | Became a worshipper of Lugonu the Unformed
    51 | D:1      | Reached * piety under Lugonu
    51 | D:1      | Reached ** piety under Lugonu
    51 | D:1      | Reached *** piety under Lugonu
   109 | D:1      | Reached XP level 2. HP: 14/18 MP: 4/4
   282 | D:3      | Reached skill level 1 in Invocations
   354 | D:3      | Reached **** piety under Lugonu
   360 | D:3      | Reached XP level 3. HP: 17/22 MP: 5/5
   635 | D:5      | Entered Level 5 of the Dungeon
   816 | D:3      | Found Ipezogroe's Antique Weapon Shoppe.
   874 | D:4      | Reached XP level 4. HP: 27/27 MP: 7/7
   917 | D:4      | Found a staircase to the Ecumenical Temple.
   933 | D:4      | Found a runed translucent door.
   935 | D:4      | Noticed chaosape's ghost (amateur GnWn)
  1052 | D:5      | Noticed an ogre
  1108 | D:6      | Noticed a necrophage
  1239 | D:3      | Bought an ichor-stained short sword for 160 gold pieces
  1239 | D:3      | Identified the +4 short sword of Zin's Delight {speed,
                  | Fragile +Rage rPois rC+ Stlth+} (You bought it in a shop on
                  | level 3 of the Dungeon)
  1266 | D:5      | Noticed a scorpion
  1295 | D:5      | Killed a scorpion
  1296 | D:5      | Reached XP level 5. HP: 15/31 MP: 9/9
  1306 | D:5      | Noticed an ogre
  1315 | D:5      | Killed an ogre
  1316 | D:5      | Reached skill level 5 in Short Blades
  1316 | D:5      | Reached XP level 6. HP: 29/36 MP: 9/11
  1382 | D:5      | Reached skill level 5 in Invocations
  1450 | D:6      | Reached XP level 7. HP: 11/40 MP: 11/13
  1644 | D:6      | Reached ***** piety under Lugonu
  1789 | D:6      | Found Meacups's Book Shoppe.
  1964 | D:6      | Reached XP level 8. HP: 42/45 MP: 15/15
  2136 | D:6      | Identified the +6 hunting sling "Hydrabane" {venom, Int+5
                  | Dex+2}
  2261 | D:5      | Reached skill level 5 in Dodging
  2374 | D:5      | Reached skill level 5 in Stealth
  2711 | D:5      | Learned a level 2 spell: Slow
  2715 | D:5      | Learned a level 3 spell: Confusing Touch
  2795 | D:7      | Noticed Menkaure
  2804 | D:7      | Killed Menkaure
  2880 | D:7      | Reached XP level 9. HP: 36/49 MP: 17/17
  2904 | D:7      | Reached skill level 1 in Hexes
  2920 | D:7      | Found a glowing silver altar of Zin.
  3112 | D:7      | Noticed Harold
  3322 | D:8      | Found Sulesu's Distillery.
  3326 | D:8      | Bought a potion of heal wounds for 65 gold pieces
  3326 | D:8      | Bought a potion of heal wounds for 65 gold pieces
  3352 | D:8      | Found a basalt altar of Yredelemnul.
  3352 | D:8      | Found a hazy altar of Hepliaklqana.
  3386 | D:8      | Found a white marble altar of Elyvilon.
  3427 | D:8      | Reached skill level 1 in Spellcasting
  3536 | D:8      | Reached skill level 5 in Hexes
  3611 | D:8      | Reached ****** piety under Lugonu
  3691 | D:9      | Found a flagged portal.
  3731 | Bailey   | Entered a bailey
  4086 | Bailey   | Learned a level 3 spell: Frozen Ramparts
  4086 | Bailey   | Reached skill level 10 in Dodging
  4086 | Bailey   | Reached skill level 10 in Stealth
  4086 | Bailey   | Reached XP level 10. HP: 44/54 MP: 18/18
  4137 | D:9      | Noticed a two-headed ogre
  4137 | D:9      | Noticed a two-headed ogre
  4148 | D:9      | Reached XP level 11. HP: 58/58 MP: 19/19
  4199 | D:9      | Killed a two-headed ogre
  4200 | D:9      | Reached XP level 12. HP: 64/64 MP: 14/20
  4245 | D:9      | Killed a two-headed ogre
  4393 | D:9      | Noticed Erica
  4465 | D:9      | Killed Erica
  4570 | D:9      | Learned a level 5 spell: Metabolic Englaciation
  5047 | D:9      | Noticed a two-headed ogre
  5061 | D:9      | Killed a two-headed ogre
  5075 | D:10     | Entered Level 10 of the Dungeon
  5075 | D:10     | Noticed a two-headed ogre
  5078 | D:10     | Killed a two-headed ogre
  5102 | D:10     | Found a staircase to the Lair.
  5178 | D:10     | Reached skill level 5 in Spellcasting
  5255 | D:10     | Found a shimmering altar of Xom.
  5429 | D:6      | Bought Ozocubu's Autobiography for 360 gold pieces
  5429 | D:6      | Reached skill level 10 in Ice Magic
  5429 | D:6      | Reached XP level 13. HP: 68/68 MP: 22/22
  5434 | D:6      | Learned a level 3 spell: Ozocubu's Armour
  5758 | Lair:1   | Entered Level 1 of the Lair of Beasts
  5961 | Lair:1   | Found a runed translucent door.
  5961 | Lair:1   | Found a shimmering altar of Xom.
  5961 | Lair:1   | Noticed thromnambular's ghost (novice DrNe)
  6226 | Lair:1   | Learned a level 7 spell: Ozocubu's Refrigeration
  6228 | Lair:1   | Learned a level 1 spell: Freeze
  6364 | Lair:2   | Found a hole to the Spider Nest.
  6456 | Lair:2   | Identified the +11 spear of Capital Punishment {venom, rF+
                  | Will+}
  6780 | Lair:2   | Reached XP level 14. HP: 72/72 MP: 25/25
  7138 | Lair:4   | Found a gate leading to a gauntlet.
  7168 | Gauntlet | Entered a Gauntlet
  7168 | Gauntlet | Found a transporter.
  7168 | Gauntlet | Found a transporter.
  7168 | Gauntlet | Found a transporter.
  7170 | Gauntlet | Found a transporter.
  7170 | Gauntlet | Found a transporter.
  7173 | Gauntlet | Found a transporter.
  7177 | Gauntlet | Found a runed translucent door.
  7177 | Gauntlet | Found a runed translucent door.
  7181 | Gauntlet | Found a transporter.
  7182 | Gauntlet | Found a transporter.
  7184 | Gauntlet | Found a transporter.
  7192 | Gauntlet | Found a transporter.
  7194 | Gauntlet | Found a transporter.
  7230 | Gauntlet | Found a transporter.
  7309 | Gauntlet | Identified the +1 helmet of Imperfection {+Blink rPois
                  | Int-4 Dex+4}
  7386 | Gauntlet | Got the Grimoire of Shifting Evil Rituals
  7568 | Gauntlet | Noticed an emperor scorpion
  7568 | Gauntlet | a spark wasp changed into an emperor scorpion
  7572 | Gauntlet | Noticed a quicksilver ooze
  7572 | Gauntlet | an emperor scorpion changed into a quicksilver ooze
  7574 | Gauntlet | a quicksilver ooze changed into a fire dragon
  7604 | Gauntlet | Noticed a quicksilver ooze
  7604 | Gauntlet | a satyr changed into a quicksilver ooze
  7612 | Gauntlet | a quicksilver ooze changed into a minotaur
  7616 | Gauntlet | Noticed a storm dragon
  7616 | Gauntlet | a minotaur changed into a storm dragon
  7622 | Gauntlet | a storm dragon changed into a dire elephant
  7671 | Gauntlet | Identified the +3 leather armour of Chill Winds {rF++}
  7672 | Gauntlet | Got the Almanac of Companions
  7991 | Lair:6   | Entered Level 6 of the Lair of Beasts
  7991 | Lair:6   | Noticed Kirke
  7991 | Lair:6   | Found a staircase to the Slime Pits.
  8135 | Lair:6   | Reached skill level 15 in Stealth
  8372 | Lair:6   | Banished Kirke
  8947 | Lair:6   | Reached skill level 15 in Dodging
  9139 | Lair:6   | Reached skill level 10 in Spellcasting
  9140 | Lair:6   | Found the +11 plutonium sword {Contam Stlth-}
  9174 | Lair:6   | Found a large runed translucent door.
  9174 | Lair:6   | Found a large runed translucent door.
  9854 | Lair:3   | Reached XP level 15. HP: 72/76 MP: 31/31
 10523 | D:11     | Identified the +6 short sword of the Devouring Rat {pain,
                  | rC+}
 10599 | D:11     | Found a staircase to the Orcish Mines.
 10609 | Orc:1    | Entered Level 1 of the Orcish Mines
 10754 | Orc:1    | Found Fish's Armour Boutique.
 10815 | Orc:2    | Entered Level 2 of the Orcish Mines
 10824 | Orc:1    | Noticed an orc warlord
 10831 | Orc:1    | Banished an orc warlord
 10996 | Orc:1    | You are sucked into a shaft and drop 1 floor!
 11206 | Orc:2    | Found Xeohajar's Antique Armour Shop.
 11223 | Orc:2    | Noticed Sonja
 11235 | Orc:2    | Killed Sonja
 11246 | Orc:2    | Found a staircase to the Elven Halls.
 11293 | Orc:2    | Found a large runed translucent door.
 11295 | Orc:2    | Found a large runed translucent door.
 11296 | Orc:2    | Noticed garrulousMonolith's ghost (journeyman GrEE)
 11356 | Orc:2    | Found Kiumualo's General Store.
 11358 | Orc:2    | Found Mejuozui's Magic Scroll Shoppe.
 11510 | Orc:2    | Reached skill level 15 in Ice Magic
 11688 | Orc:2    | Paralysed by an orc sorcerer for 5 turns
 12118 | Orc:2    | Found Plog's Antique Armour Boutique.
 12118 | Orc:2    | Found Woridi's Book Shop.
 12119 | Orc:2    | Found a one-way gate leading to the halls of Pandemonium.
 12132 | Orc:2    | Bought a book of Ice for 460 gold pieces
 12132 | Orc:2    | Bought a book of Maledictions for 180 gold pieces
 12135 | Orc:2    | Learned a level 2 spell: Ensorcelled Hibernation
 12201 | Orc:2    | Bought a brightly glowing leather armour for 224 gold
                  | pieces
 12201 | Orc:2    | Identified the +2 leather armour of the Snail {Rampage Fly}
                  | (You bought it in a shop on level 2 of the Orcish Mines)
 12201 | Orc:2    | Bought a runed cloak for 240 gold pieces
 12275 | Orc:1    | Bought the +1 robe "Sigatem" {rPois rCorr MP+9 Str-4} for
                  | 363 gold pieces
 12451 | Lair:2   | Found a staircase to the Shoals.
 12461 | Shoals:1 | Entered Level 1 of the Shoals
 12558 | Shoals:1 | Identified a +9 dagger of distortion (a +7 dagger of
                  | flaming corrupted by Lugonu)
 12558 | Shoals:1 | Received a gift from Lugonu
 12584 | Shoals:1 | Noticed Roxanne
 12634 | Shoals:1 | Found Woaxax's Jewellery Boutique.
 12828 | Shoals:2 | Found Vaisol's Antique Weapon Shoppe.
 12955 | Shoals:3 | Noticed Ilsuiw
 12978 | Shoals:3 | Banished Ilsuiw
 12992 | Shoals:3 | Reached XP level 16. HP: 81/81 MP: 5/34
 13158 | Shoals:3 | Reached skill level 1 in Evocations
 13249 | Shoals:4 | Entered Level 4 of the Shoals
 13418 | Shoals:3 | Noticed Polyphemus
 13693 | Shoals:4 | Paralysed by an air elemental for 1 turns
 13982 | Shoals:4 | Identified the +8 battleaxe "Dene Raota" {spect, rC- rN++
                  | rCorr}
 13982 | Shoals:4 | Identified the ring "Qitsyrgh" {Will+ SInv Stlth+}
 14053 | Shoals:4 | Noticed a storm dragon
 14054 | Shoals:4 | Banished a storm dragon
 14089 | Shoals:4 | Got the Incunabulum of Fascination
 14092 | Shoals:4 | Got a barnacled rune of Zot
 14230 | Spider:1 | Entered Level 1 of the Spider Nest
 14277 | Spider:1 | Reached skill level 5 in Evocations
 14422 | Spider:2 | Noticed Arachne
 14429 | Spider:2 | Banished Arachne
 14493 | Spider:2 | Reached XP level 17. HP: 37/85 MP: 13/35
 14495 | Spider:2 | Reached skill level 10 in Invocations
 14714 | Spider:2 | Noticed Frances
 14739 | Spider:2 | Killed Frances
 14942 | Spider:3 | Identified the +0 scale mail of the Jabberwock {rCorr}
 15005 | Spider:4 | Entered Level 4 of the Spider Nest
 15144 | Spider:4 | HP: 4/85 [poisoned by an emperor scorpion]
 15145 | Spider:4 | HP: 1/85 [poisoned by an emperor scorpion]
 15146 | Spider:4 | Succumbed to an emperor scorpion's poison

Illustrated notes

Levels and vault maps discovered:
D:1:      scummos_arrival_forest, layout_rooms, ebering_ecumenical_altar_ruins,
          hangedman_abyss_or_decor_lesser_grid, minmay_misc_feat_four_crosses,
          minmay_indecisive_spiral
D:2:      minmay_razor_zed, layout_rooms, minmay_snake_closets
D:3:      cheibrodos_old_hovel, layout_rooms, serial_shops, shop,
          serial_park_tiny_1
D:4:      layout_layer_cave, minmay_temple_entry_hall,
          ebering_ghost_reflecting_pool, minmay_pentangle
D:5:      minmay_goblin_kobold_castle, layout_basic
D:6:      cheibrodos_quashed, layout_rooms, serial_shops, shop,
          wad_rectangle_vault
D:7:      layout_loops_ring, nicolae_overflow_hidden_temple,
          uniq_crazy_yiuf_cottage, uniq_harold, uniq_menkaure
D:8:      layout_gridville, kennysheep_mini, gammafunk_temple_overflow_elements,
          kennysheep_little_box, serial_shops, shop, uniq_joseph
D:9:      minmay_imperfect_grid, layout_irregular_city, enter_bailey_3,
          minmay_quadrilaterals, uniq_erica
D:10:     layout_roguey, old_standard_altar, due_lair_maze_entry_diamond,
          hex_large, minmay_misc_feat_chi
D:11:     layout_stronghold, orc_0_dummy, minmay_crystal_water, laboratory
D:12:     layout_long_grid, enter_trove_2, introduction_to_nature_2, uniq_fannar
Lair:1:   lemuel_slime, layout_gridlike, ebering_ghost_xom, st_stairs_11,
          roderic_batcave
Lair:2:   layout_roguey, minmay_shoals_entry_lonely_mermaid,
          nicolae_spider_entry_non_spiders
Lair:3:   layout_loops_ring, serial_bayou_shore_b, grunt_megastairs_4
Lair:4:   layout_cave_pods, gauntlet_entry_generic, beast_lair_carwin_4
Lair:5:   layout_hall_layers, grunt_megastairs_2, serial_bayou_shore_a
Lair:6:   cheibrodos_lair_end_hotspot, layout_layer_cave, slime_dummy,
          uniq_kirke
Shoals:1: layout_shoals, serial_shops, nicolae_shop_behind_doors, uniq_roxanne
Shoals:2: cheibrodos_shoals_baths, layout_shoals, serial_shops, shop,
          nicolae_shoals_water_elemental_grotto
Shoals:3: layout_shoals, uniq_ilsuiw, uniq_polyphemus
Shoals:4: shoals_end_hellmonk_storm_palace [storm_palace_center_square,
          storm_palace_corner_narrow, storm_palace_corner_pillars,
          storm_palace_corner_pillars, storm_palace_corner_pillars]
Spider:1: layout_spider_delve, special_room [special_room_bee]
Spider:2: nicolae_spider_hilbert_zone_7 [nicolae_spider_hilbert_4_sides_1_open,
          nicolae_spider_hilbert_4_sides_1_open,
          nicolae_spider_hilbert_4_sides_1_open,
          nicolae_spider_hilbert_4_sides_1_open,
          nicolae_spider_hilbert_3_sides_1_open,
          nicolae_spider_hilbert_3_sides_1_open,
          nicolae_spider_hilbert_3_sides_1_open,
          nicolae_spider_hilbert_3_sides_1_open,
          nicolae_spider_hilbert_4_sides_1_open,
          nicolae_spider_hilbert_4_sides_1_open,
          nicolae_spider_hilbert_4_sides_1_open,
          nicolae_spider_hilbert_2_sides_1_open,
          nicolae_spider_hilbert_2_sides_1_open,
          nicolae_spider_hilbert_2_sides_1_open,
          nicolae_spider_hilbert_2_sides_1_open,
          nicolae_spider_hilbert_2_sides_1_open,
          nicolae_spider_hilbert_2_sides_1_open], uniq_arachne, uniq_frances
Spider:3: layout_spider_delve, nicolae_spider_claw_tunnel
Spider:4: grunt_spider_rune_circles, ebering_ghost_xom,
          nicolae_spider_webs_and_nodes, worms_lemuel
Orc:1:    layout_caves, serial_shops, nicolae_diamond_shop
Orc:2:    pf_orc_diabolical, layout_caves, ebering_ghost_disaster_area,
          serial_shops, nicolae_lakefront_shop, uniq_sonja

Skill      XL: |  1  2  3  4  5  6  7  8  9 10 11 12 13 14 15 16 17 |
---------------+----------------------------------------------------+-----
Invocations    | 1 2 3 4 5 7 8 9 10 | 10.6
Short Blades   | 4 5 6 7 8 |  8.0
Stealth        | 3 6 10 11 13 14 15 16 17 | 17.2
Dodging        | 6 10 11 12 13 14 15 16 | 16.9
Hexes          | 6 7 8 9 |  9.0
Spellcasting   | 2 3 5 6 10 12 | 12.0
Ice Magic      | 6 7 10 14 16 17 | 17.8
Evocations     | 5 7 |  7.0
Fighting       | |  2.4

Action                   |  1- 3 |  4- 6 |  7- 9 | 10-12 | 13-15 | 16-18 || total
-------------------------+-------+-------+-------+-------+-------+-------++-------
Melee: Short sword       |    34 |    57 |   610 |   284 |  1121 |       ||  2106
       Dagger            |   127 |     8 |       |       |    63 |   240 ||   438
       Staff             |       |       |       |       |     2 |       ||     2
Throw: Dart              |       |    13 |    22 |     5 |     3 |       ||    43
       Throwing net      |       |       |       |       |       |     1 ||     1
 Cast: Slow              |       |       |       |    19 |    90 |     5 ||   114
       Frozen Ramparts   |       |       |       |    25 |   113 |    37 ||   175
       Freeze            |       |       |       |       |    15 |       ||    15
       Metabolic Englaci |       |       |       |       |    22 |       ||    22
       Confusing Touch   |       |       |       |       |    19 |     2 ||    21
       Ozocubu's Armour  |       |       |       |       |    21 |     5 ||    26
       Ozocubu's Refrige |       |       |       |       |    30 |    67 ||    97
       Ensorcelled Hiber |       |       |       |       |    14 |    32 ||    46
Invok: Banish            |       |       |     2 |     1 |    30 |    13 ||    46
       Brand Weapon With |       |       |       |       |     1 |       ||     1
 Abil: Evoke Berserk Rag |       |     3 |    15 |     2 |     3 |       ||    23
Evoke: Wand              |       |       |     4 |       |     7 |    10 ||    21
  Use: Scroll            |     5 |       |     2 |     4 |    20 |     6 ||    37
       Potion            |       |     3 |     3 |     2 |     3 |     5 ||    16
 Stab: Sleeping          |     3 |     1 |    13 |    14 |    68 |    19 ||   118
       Distracted        |       |       |     1 |     1 |     3 |     3 ||     8
       Confused          |       |       |       |       |    17 |     1 ||    18
       Invisible         |       |       |       |       |     2 |       ||     2
       Held in net/web   |       |       |       |       |       |     1 ||     1
Armor: Robe              |     1 |       |       |       |       |       ||     1
       Ring mail         |    61 |    28 |   122 |       |       |       ||   211
       Steam dragon scal |       |       |    29 |    26 |    87 |       ||   142
       Leather armour    |       |       |       |       |     7 |       ||     7
       Troll leather arm |       |       |       |       |    47 |    84 ||   131
Dodge: Dodged            |    76 |    28 |   209 |    88 |   528 |   270 ||  1199
